 Dungeon Crawl Stone Soup version 0.31-a0-1-g4198be8af4 (webtiles) character file.

Game seed: 13144194442390445722

1458 dungeonMaestro the Slasher (level 8, -2/68 HPs)
             Began as a Ghoul Fighter on May 2, 2023.
             Was a Follower of Makhleb.
             Slain by Prince Ribbit (10 damage)
             ... on level 7 of the Dungeon.
             The game lasted 00:18:32 (6598 turns).

dungeonMaestro the Slasher (Ghoul Fighter)          Turns: 6598, Time: 00:18:32

Health: -2/68      AC: 14    Str: 22    XL:     8   Next: 76%
Magic:  7/7        EV:  6    Int:  3    God:    Makhleb [*.....]
Gold:   374        SH:  4    Dex:  8    Spells: 7/7 levels left

rFire   . . .        x - +1 long sword
rCold   + . .        b - +0 buckler
rNeg    + + +        m - +1 plate armour
rPois   ∞            v - +0 helmet
rElec   .            (no cloak)
rCorr   .            (no gloves)
SInv    .            (no boots)
Will    .....        (no amulet) Stlth
                     (no ring)
HPRegen 0.00/turn    (no ring)
MPRegen 0.10/turn

%: no passive effects
@: inhibited regen
A: claws 1, cold resistance 1, negative energy resistance 3, inhibited
regeneration, torment resistance 2, devour on kill
a: Renounce Religion


You were on level 7 of the Dungeon.
You worshipped Makhleb.
Makhleb was aware of your devotion.
You visited 2 branches of the dungeon, and saw 8 of its levels.

You collected 374 gold pieces.

Inventory:

Hand Weapons
 f - a +3 mace
 r - the +5 dagger of Axatix {venom, Str+3}
   (You found it on level 3 of the Dungeon)

   Str:       It affects your strength (+3).
 x - a +1 long sword (weapon)
Armour
 b - a +0 buckler (worn)
 m - a +1 plate armour (worn)
 v - a +0 helmet (worn)
Jewellery
 a - a ring of wizardry
 k - a +5 ring of evasion
Wands
 e - a wand of polymorph (3)
Scrolls
 g - 2 scrolls of magic mapping
 h - 5 scrolls of teleportation
 j - a scroll of amnesia
 s - 2 scrolls of immolation
Potions
 d - a potion of brilliance
 l - 2 potions of haste
 q - a potion of flight


   Skills:
 + Level 5.1 Fighting
 + Level 1.3(3.8) Short Blades
 + Level 5.6(5.7) Long Blades
 + Level 2.0 Maces & Flails
 + Level 5.5 Armour
 + Level 0.8 Dodging
 + Level 0.2 Stealth
 + Level 3.8 Shields
 + Level 3.7 Unarmed Combat


You had 7 spell levels left.
You didn't know any spells.
Your spell library contained the following spells:

 Spells                   Type           Power      Damage    Failure   Level
 Shock                    Conj/Air       0%         1d3       100%        1
 Swiftness                Air            0%         N/A       100%        3
 Airstrike                Air            0%         2d(0-16)  100%        4


Dungeon Overview and Level Annotations

Branches:
Dungeon (7/15)             Temple (1/1) D:4

Altars:
Ashenzari
Cheibriados
Dithmenos
Fedhas
Gozag
Hepliaklqana
Kikubaaqudgha
Makhleb
Nemelex Xobeh
Okawaru
Ru
Sif Muna
Trog
Uskayaw
Vehumet
Wu Jian
Xom
Yredelemnul

Annotations:
D:7 Prince Ribbit


Innate Abilities, Weirdness & Mutations

You are immune to poison.
You have sharp fingernails.
Your flesh is cold resistant. (rC+)
You are immune to negative energy. (rN+++)
You do not regenerate when monsters are visible.
You are immune to unholy pain and torment.
You thrive by killing the living.


Message History

The bullfrog hits you but does no damage.
You barely miss the bullfrog.
The bullfrog is heavily wounded.
You miss Prince Ribbit.
Prince Ribbit is moderately wounded.
Prince Ribbit hits you. You block Prince Ribbit's attack.
You completely miss Prince Ribbit.
Prince Ribbit is moderately wounded.
Prince Ribbit hits you but does no damage.
You hit Prince Ribbit.
Prince Ribbit is moderately wounded.
Prince Ribbit hits you. Prince Ribbit hits you!
You closely miss Prince Ribbit.
Prince Ribbit is moderately wounded.
Prince Ribbit blinks!
The bullfrog barely misses you.
You barely miss the bullfrog.
The bullfrog is heavily wounded.
You block the bullfrog's attack.
You closely miss the bullfrog.
The bullfrog is heavily wounded.
The bullfrog hits you but does no damage.
The bullfrog closely misses you.
You hit the bullfrog.
The bullfrog is severely wounded.
You block the bullfrog's attack. The bullfrog hits you.
* * * LOW HITPOINT WARNING * * *
You slash the bullfrog!
You kill the bullfrog!
Makhleb accepts your kill.
You feel better.
Prince Ribbit hits you but does no damage.
Prince Ribbit closely misses you.
Things that are here:
a bullfrog corpse; a bullfrog corpse Prince Ribbit hits you!
* * * LOW HITPOINT WARNING * * *
Prince Ribbit hits you.
* * * LOW HITPOINT WARNING * * *
Prince Ribbit hits you!
You die...

########################
......)......†.F@.......
##############.....####.
#.....# #.....# #.....#
#.....# #.....# #.....#


You could see Prince Ribbit.

Vanquished Creatures
  Grinder (D:6)
  A water moccasin (D:4)
  A sky beast (D:6)
  A centaur (D:6)
  A phantom (D:6)
  A kobold brigand (D:6)
  3 bullfrogs (D:7)
  A howler monkey (D:5)
  3 hounds
  An orc priest (D:4)
  3 sleepcaps
  6 iguanas
  2 orc wizards
  A gnoll (D:1)
  5 adders
  2 white imps
  4 worms
  4 dart slugs
  17 orcs
  7 ball pythons
  5 bats
  10 endoplasms
  6 giant cockroaches
  11 goblins
  7 hobgoblins
  15 kobolds
  4 quokkas
  5 frilled lizards
  3 rats
131 creatures vanquished.

Notes
Turn   | Place    | Note
-------+----------+-------------------------------------------
     0 | D:1      | dungeonMaestro the Ghoul Fighter began the quest for the
                  | Orb.
     0 | D:1      | Reached XP level 1. HP: 19/19 MP: 0/0
    54 | D:1      | Reached XP level 2. HP: 7/26 MP: 1/1
   346 | D:1      | Reached XP level 3. HP: 33/33 MP: 2/2
  1052 | D:2      | Reached XP level 4. HP: 40/40 MP: 3/3
  1755 | D:3      | Found a sacrificial altar of Ru.
  2236 | D:3      | Reached XP level 5. HP: 40/46 MP: 4/4
  2240 | D:3      | Identified the +5 dagger of Axatix {venom, Str+3}
  2481 | D:4      | Reached skill level 1 in Maces & Flails
  2547 | D:4      | Noticed a water moccasin
  2564 | D:4      | Killed a water moccasin
  2565 | D:4      | Reached XP level 6. HP: 33/52 MP: 5/5
  2630 | D:4      | Reached skill level 1 in Short Blades
  2705 | D:4      | Found a staircase to the Ecumenical Temple.
  2731 | Temple   | Entered the Ecumenical Temple
  2894 | Temple   | Became a worshipper of Makhleb the Destroyer
  3608 | D:5      | Entered Level 5 of the Dungeon
  3783 | D:5      | Reached skill level 1 in Long Blades
  3900 | D:5      | Reached XP level 7. HP: 29/59 MP: 6/6
  4804 | D:6      | Noticed Grinder
  4822 | D:6      | Paralysed by Grinder for 2 turns
  4854 | D:6      | Paralysed by Grinder for 5 turns
  4863 | D:6      | Paralysed by Grinder for 3 turns
  4871 | D:6      | Killed Grinder
  5138 | D:6      | Reached XP level 8. HP: 24/67 MP: 7/7
  5335 | D:6      | Reached skill level 5 in Armour
  5560 | D:6      | Reached * piety under Makhleb
  5897 | D:6      | Found a hide-covered altar of Uskayaw.
  5898 | D:6      | Found a basalt altar of Yredelemnul.
  5899 | D:6      | Found a broken altar of Ashenzari.
  6380 | D:6      | Reached skill level 5 in Long Blades
  6538 | D:7      | Reached skill level 5 in Fighting
  6567 | D:7      | Noticed Prince Ribbit
  6598 | D:7      | Slain by Prince Ribbit

Illustrated notes

Levels and vault maps discovered:
D:1:      dpeg_arrival_radiant, layout_rooms, grunt_decor_resistance,
          minmay_misc_feat_rows, st_stairs_3, minmay_circled_x
D:2:      layout_basic
D:3:      minmay_inner_zag, layout_loops_ring, mainiacjoe_overflow_catwalk
D:4:      layout_cave_pools, minmay_temple_entry_statues
D:5:      layout_cave_pods
D:6:      layout_loops_cross, gammafunk_temple_overflow_claw,
          serial_bayou_crossing, uniq_grinder
D:7:      layout_basic, overflow_temple_1_default, uniq_prince_ribbit1
Temple:   nicolae_temple_bog_church

Skill      XL: |  1  2  3  4  5  6  7  8 |
---------------+-------------------------+-----
Armour         | 3 4 5 |  5.5
Unarmed Combat | 3 |  3.7
Shields        | 3 |  3.8
Maces & Flails | 1 2 |  2.0
Fighting       | 4 5 |  5.1
Short Blades   | 1 |  1.3
Long Blades    | 1 4 5 |  5.6
Dodging        | |  0.8
Stealth        | |  0.2

Action                     |  1- 3 |  4- 6 |  7- 9 || total
---------------------------+-------+-------+-------++-------
  Melee: Unarmed           |   109 |    52 |       ||   161
         Flail             |       |    83 |       ||    83
         Dagger            |       |    76 |       ||    76
         Long sword        |       |    51 |   296 ||   347
    Use: Scroll            |       |    11 |     6 ||    17
         Potion            |       |     6 |     4 ||    10
 Armour: Scale mail        |    55 |     9 |       ||    64
         Plate armour      |       |   181 |   301 ||   482
  Dodge: Dodged            |    51 |    80 |   107 ||   238
  Block: Buckler           |    21 |    48 |    66 ||   135

Table legend: (Time is in decaauts)
 A = Elapsed time spent in this place.
 B = Non-inter-level travel time spent in this place.
 C = Inter-level travel time spent in this place.
 D = Time resting spent in this place.
 E = Time spent auto-exploring this place.
 F = Levels seen in this place.
 G = Mean time per level.
                   A        B        C        D        E       F      G
               +--------+--------+--------+--------+--------+-----+--------+
         Total |   6703 |   6513 |    190 |   1058 |   2892 |   8 |  837.9 |
       Dungeon |   6496 |   6350 |    146 |   1058 |   2742 |   7 |  928.0 |
        Temple |    206 |    162 |     44 |      0 |    150 |   1 |  206.0 |
               +--------+--------+--------+--------+--------+-----+--------+

Top non-repeatable levels by time:
     D:6: 1835 daAuts
     D:5: 1157 daAuts
     D:4: 953 daAuts
     D:3: 929 daAuts
     D:1: 826 daAuts
     D:2: 713 daAuts
  Temple: 206 daAuts
     D:7: 80 daAuts
